 Dungeon Crawl Stone Soup version 0.14-a0-770-g009d3a2 (webtiles) character file.

178 Bloax the Skirmisher (level 5, -2/38 HPs)
             Began as a Formicid Fighter on Nov 9, 2013.
             Succumbed to poison (a potion of poison)
             ... on Level 4 of the Dungeon.
             The game lasted 00:04:32 (733 turns).

Bloax the Skirmisher (Formicid Fighter)              Turns: 733, Time: 00:04:33

HP  -2/38        AC 10     Str 27      XL: 5   Next: 56%
MP   4/4         EV  5     Int 12      God:
Gold 29          SH 20     Dex 10      Spells:  0 memorised,  4 levels left

Res.Fire  : . . .   See Invis. : .   a - +0 hand axe
Res.Cold  : . . .   Warding    : .   k - +0 elf chain mail
Life Prot.: . . .   Conserve   : .   c - +0 shield
Res.Poison: x       Res.Corr.  : .   (helmet restricted)
Res.Elec. : .       Clarity    : .   (no cloak)
Sust.Abil.: . .     Spirit.Shd : .   (no gloves)
Res.Mut.  : .       Stasis     : +   (no boots)
Res.Rott. : .       Flight     : .   (no amulet)
Saprovore : . . .                    (no ring)
                                     (no ring)

@: mighty, brilliant, very poisoned, slightly resistant to hostile enchantments,
extremely unstealthy
A: permanent stasis, dig shafts and tunnels, four strong arms, poison weakness,
antennae 1, exoskeleton 1
a: Dig, Shaft Self


You were on level 4 of the Dungeon.
You were not hungry.

You visited 1 branch of the dungeon, and saw 4 of its levels.

You collected 29 gold pieces.


Innate Abilities, Weirdness & Mutations

Your are under a permanent stasis effect.
You can dig through walls and to a lower floor.
Your four strong arms can wield any weapon, most with a shield.
You are susceptible to poison.
You have a pair of small antennae on your head.
Your body is surrounded by an exoskeleton. (HP +5, AC +1)


   Skills:
 + Level 4.0 Fighting
 * Level 4.0 Axes
 - Level 3.6 Armour
 + Level 3.7 Shields


You had 4 spell levels left.
You didn't know any spells.

Dungeon Overview and Level Annotations

Branches:
Dungeon (4/27)
 Temple: D:4-7

Altars:
Sif Muna

Inventory:

Hand weapons
 a - a +0,+0 hand axe (weapon)
Armour
 c - a +0 shield (worn)
 k - a +0 elven chain mail (worn)
   (You found it on level 2 of the Dungeon)
Comestibles
 d - a bread ration
Scrolls
 e - 4 scrolls of identify {unknown}
 g - 2 scrolls of remove curse {unknown}
 i - a scroll of enchant weapon II {unknown}
 l - a scroll of teleportation {unknown}
Jewellery
 h - an uncursed ring of fire
   (You found it on level 2 of the Dungeon)

.. #######.# #~~~....#
#~......# #~~.....#
+g~...o)# #~~.....#
###### #~...@).# ....#
#~....()# #...# #######w#
#...# #..# #...#
.########.#######...#####
................w........
.#################.#####.
#.# #. #.#####w


You could see a worm, an orc wizard and a goblin.


Message History

You completely miss the orc wizard. You slash the orc wizard!
You kill the orc wizard!
* * * LOW HITPOINT WARNING * * *
You feel very sick.
The orc wizard gestures at you while chanting.
The magic dart hits you!
* * * LOW HITPOINT WARNING * * *
The orc wizard mumbles some strange words.
The orc wizard blinks!
The orc wizard unwields an uncursed orcish dagger.
The orc wizard drops an uncursed orcish dagger.
The orc wizard picks up an orcish club.
The orc wizard wields an orcish club.
The orc wizard gestures wildly while chanting.
The orc wizard blinks!
You hit the orc wizard.
The orc wizard is moderately wounded.
You hit the hobgoblin.
You kill the hobgoblin!
* * * LOW HITPOINT WARNING * * *
You feel sick.
The orc wizard hits you but does no damage.
The goblin shoots a stone.
The stone misses you. You block the worm's attack.
Unknown command.
Unknown command.
You slash the orc wizard!
The orc wizard is severely wounded.
You slash the orc!
You kill the orc!
You have reached level 5!
* * * LOW HITPOINT WARNING * * *
You feel sick.
You feel a little better. The orc wizard barely misses you.
The goblin shoots a stone.
The stone hits you!
* * * LOW HITPOINT WARNING * * *
The orc wizard casts a spell.
The orc wizard blinks!
The worm bites you but does no damage.
Unknown command.
* * * LOW HITPOINT WARNING * * *
You feel sick. The orc wizard casts a spell at you.
Your stasis keeps you stable.
The goblin shoots a stone.
You block the stone. You block the orc wizard's attack.
Items here: %% ( )))) [ Unknown command.
You slash the orc wizard!
You kill the orc wizard!
You hit the orc wizard.
You kill the orc wizard!
Your Fighting skill increases to level 4!
Your Axes skill increases to level 4!
* * * LOW HITPOINT WARNING * * *
You feel very sick.
The goblin shoots a stone.
The stone hits you!
* * * LOW HITPOINT WARNING * * *
You slash the worm!
The worm is moderately wounded.
* * * LOW HITPOINT WARNING * * *
You feel sick.
The orc wizard gestures at you while chanting.
The magic dart hits you!
* * * LOW HITPOINT WARNING * * *
The worm bites you.
* * * LOW HITPOINT WARNING * * *
The goblin shoots a stone.
The stone hits you!
* * * LOW HITPOINT WARNING * * *
You aren't carrying any potions.
Read which item? (? for menu, Esc to quit)
Okay, then.
You die...

Action                   |  1- 3 |  4- 6 || total
-------------------------+-------+-------++-------
Melee: Hand axe          |    66 |    18 ||    84
  Use: Potion            |       |     3 ||     3

Vault maps used:
D:1:      kilobyte_entry_exit_the_forest
D:2:      led_sif_pool
D:3:      uniq_iyjb
D:4:      serial_shops, shop_fountains, minmay_goblin_outpost

Notes
Turn   | Place    | Note
--------------------------------------------------------------
     0 | D:1      | Bloax, the Formicid Fighter, began the quest for the Orb.
     0 | D:1      | Reached XP level 1. HP: 19/19 MP: 0/0
   146 | D:2      | Reached XP level 2. HP: 21/24 MP: 1/1
   260 | D:2      | Found a deep blue altar of Sif Muna.
   456 | D:2      | Reached XP level 3. HP: 26/29 MP: 2/2
   580 | D:3      | Reached skill level 3 in Axes
   580 | D:3      | Reached XP level 4. HP: 20/33 MP: 3/3
   729 | D:4      | Reached XP level 5. HP: 14/38 MP: 4/4
   731 | D:4      | Reached skill level 4 in Fighting
   731 | D:4      | Reached skill level 4 in Axes
   732 | D:4      | HP: 9/38 [poison (a potion of poison)]
   732 | D:4      | HP: 1/38 [worm (4)]
   733 | D:4      | Succumbed to poison (a potion of poison)

Vanquished Creatures
  An orc priest (D:3)
  3 orc wizards (D:4)
  2 giant geckos (D:1)
  4 orcs
  5 bats
  7 goblins
  3 hobgoblins (D:4)
  3 jackals (D:1)
  A giant newt (D:1)
  3 kobolds
  2 rats
34 creatures vanquished.
